 Seeded DCSS version 0.29.1-4-g47bece8355 (webtiles) character file.

Game seed: 1 (custom seed)

668 Kazon the Slasher (level 7, -1/56 HPs)
             Began as a Demonspawn Berserker on Dec 8, 2022.
             Was a Priest of Trog.
             Slain by a sky beast (6 damage)
             ... on level 5 of the Dungeon on Dec 9, 2022.
             The game lasted 00:13:26 (2782 turns).

Kazon the Slasher (Demonspawn Berserker)            Turns: 2782, Time: 00:13:27

Health: -1/56      AC:  6    Str: 19    XL:     7   Next: 32%
Magic:  7/7        EV: 13    Int: 13    God:    Trog [***...]
Gold:   324        SH:  0    Dex: 12    Spells: 6/6 levels left

rFire   . . .      SeeInvis .   c - +4 falchion of the Equinox {venom, Drain rPois Int+4 Stlth+}
rCold   . . .      Faith    .   (no shield)
rNeg    + . .      Spirit   .   b - +0 animal skin
rPois   +          Reflect  .   g - +0 helmet
rElec   .          Harm     .   (no cloak)
rCorr   .          Rampage  .   (no gloves)
Will    .....                   j - +2 pair of boots
Stlth   ++++......              d - amulet of the acrobat
HPRegen 1.18/turn               q - ring of positive energy
MPRegen 0.10/turn               (no ring)

@: no status effects
A: claws 1, powered by death 1, spiny 1
a: Renounce Religion, Berserk, Trog's Hand


You were on level 5 of the Dungeon.
You worshipped Trog.
Trog was most pleased with you.
You visited 1 branch of the dungeon, and saw 5 of its levels.

You collected 324 gold pieces.

Inventory:

Hand Weapons
 c - the +4 falchion of the Equinox (weapon) {venom, Drain rPois Int+4 Stlth+}
   (You acquired it on level 1 of the Dungeon)

   It poisons the flesh of those it strikes.
   Int:       It affects your intelligence (+4).
   rPois:     It protects you from poison.
   Drain:     It drains your maximum health when unequipped.
   Stlth:     It makes you more stealthy.
 e - a +2 dagger of venom
Missiles
 h - 15 stones (quivered)
 m - 5 boomerangs
 n - a throwing net
Armour
 b - a +0 animal skin (worn)
 g - a +0 helmet (worn)
 j - a +2 pair of boots (worn)
Jewellery
 d - an amulet of the acrobat (around neck)
 q - a ring of positive energy (left claw)
Wands
 x - a wand of mindburst (19)
Scrolls
 i - 9 scrolls of identify {unknown}
 l - a scroll of immolation {unknown}
 p - a scroll of poison {unknown}
 s - a scroll of fog {unknown}
 t - a scroll of noise {unknown}
 u - a scroll of magic mapping {unknown}
 w - a scroll of teleportation {unknown}
Potions
 a - a potion of ambrosia {unknown}
 f - a potion of attraction {unknown}
 k - 2 potions of berserk rage {unknown}
 o - a potion of flight {unknown}
 r - 2 potions of haste {unknown}
 v - a potion of lignification {unknown}


   Skills:
 * Level 5.5 Fighting
 + Level 3.5(5.2) Short Blades
 + Level 5.8(6.3) Long Blades
 + Level 3.6 Throwing
 + Level 4.0 Armour
 + Level 4.2 Dodging
 + Level 4.4 Stealth
 + Level 3.4 Shields
 * Level 0.4 Evocations


You had 6 spell levels left.
You didn't know any spells.
Your spell library was empty.

Dungeon Overview and Level Annotations

Branches:
Dungeon (5/15)
 Temple: D:4-7

Altars:
Hepliaklqana

Shops:
D:3 (


Innate Abilities, Weirdness & Mutations

You have sharp fingernails.
You regenerate a little health from kills.
You are partially covered in sharp spines.


Message History

Deactivating autopickup; reactivate with Ctrl-A.
Something hits you but does no damage.
Eustachio zaps a wand.
The puff of flame hits you! The river rat is struck by your spines.
The river rat misses you.
You slash Eustachio!
Eustachio is poisoned.
Eustachio is moderately wounded.
Something hits you but does no damage.
Eustachio mumbles some strange words.
The river rat bites you.
You hit Eustachio.
Eustachio looks as sick as possible!
Eustachio is heavily wounded.
Something hits you. Something shocks you.
Eustachio mumbles some strange words.
The river rat barely misses you. x2
You slash Eustachio!
Eustachio looks as sick as possible!
Eustachio is severely wounded.
Something hits you. Something shocks you.
* * * LOW HITPOINT WARNING * * *
Eustachio is struck by your spines. Eustachio hits you but does no damage.
The river rat is struck by your spines. The river rat bites you.
* * * LOW HITPOINT WARNING * * *
The river rat is struck by your spines. The river rat bites you.
* * * LOW HITPOINT WARNING * * *
Aiming: Mindburst
Press: ? - help, Shift-Dir - straight line, f - Eustachio
Aim: Eustachio, wielding a +1 rapier of speed, wearing a +3 leather armour of cold resistance and carrying a wand of flame (11) (almost dead, extremely poisoned, chance to affect: 66%) Eustachio's mind is blasted!
You blow up Eustachio!
Trog accepts your kill.
Trog appreciates your killing of a magic user.
The river rat disappears in a puff of smoke!
The quokka disappears in a puff of smoke!
The river rat disappears in a puff of smoke!
The quokka disappears in a puff of smoke!
The quasit disappears in a puff of smoke!
The iron imp disappears in a puff of smoke! x2
Something hits you.
* * * LOW HITPOINT WARNING * * *
Something shocks you.
You die...

#..... #.. #.
#....#..#
#..#...#...#
#........#
#.....# #.)##
##))# #l{##
##§@# #§)##
##§§## #§.§####
# ##......#
..##
#..###.....
.....#### ##..#
##...
........###..##
.. #....<....##
.


You could see an iguana.

Vanquished Creatures
  Eustachio (D:5)
  A centaur (D:5)
  3 scorpions (D:4)
  A hound (D:4)
  An orc priest (D:3)
  An iguana (D:4)
  Robin (D:3)
  6 gnolls
  6 adders
  An ufetubus (D:5)
  3 worms
  5 orcs
  10 endoplasms
  A giant cockroach (D:1)
  16 goblins
  9 hobgoblins
  A jackal (D:4)
  4 kobolds
  A quokka (D:1)
  5 ball pythons
  4 bats
  3 frilled lizards
  6 rats
90 creatures vanquished.

Notes
Turn   | Place    | Note
-------+----------+-------------------------------------------
     0 | D:1      | Kazon the Demonspawn Berserker began the quest for the Orb.
     0 | D:1      | Reached XP level 1. HP: 18/18 MP: 1/1
    34 | D:1      | Identified a scroll of acquirement
    34 | D:1      | Acquired the +4 falchion of the Equinox {venom, Drain rPois
                  | Int+4 Stlth+}
   152 | D:1      | Gained mutation: You are partially covered in sharp spines.
                  | [demonic ancestry]
   152 | D:1      | Reached XP level 2. HP: 12/24 MP: 2/2
   757 | D:2      | Gained mutation: You regenerate a little health from kills.
                  | [demonic ancestry]
   757 | D:2      | Reached XP level 3. HP: 25/29 MP: 3/3
   777 | D:2      | Reached ** piety under Trog
   999 | D:2      | Reached XP level 4. HP: 30/35 MP: 4/4
  1221 | D:3      | Found Umat's Antique Weapon Boutique.
  1320 | D:3      | Reached skill level 1 in Stealth
  1324 | D:3      | Noticed Robin
  1343 | D:3      | Killed Robin
  1344 | D:3      | Reached skill level 1 in Throwing
  1351 | D:3      | Reached skill level 5 in Fighting
  1351 | D:3      | Reached skill level 5 in Long Blades
  1351 | D:3      | Reached XP level 5. HP: 44/44 MP: 5/5
  1407 | D:3      | Reached XP level 6. HP: 47/51 MP: 6/6
  2221 | D:4      | Found a hazy altar of Hepliaklqana.
  2420 | D:4      | Reached *** piety under Trog
  2421 | D:4      | Gained mutation: You have sharp fingernails. [demonic
                  | ancestry]
  2421 | D:4      | Reached XP level 7. HP: 55/56 MP: 7/7
  2743 | D:5      | Entered Level 5 of the Dungeon
  2767 | D:5      | Noticed Eustachio
  2782 | D:5      | Killed Eustachio
  2782 | D:5      | Slain by a sky beast

Illustrated notes

Levels and vault maps discovered:
D:1:      dpeg_arrival_three_smaller_balls, layout_basic
D:2:      layout_loops_ring
D:3:      layout_basic, serial_shops, nicolae_shop_stone, st_stairs_9,
          minmay_misc_feat_doors, eino_curves_03, uniq_robin
D:4:      minmay_wonky_spiral, layout_basic,
          mainiacjoe_overflow_surrounded_room, minivault_5
D:5:      layout_cave_pods, uniq_menkaure, uniq_eustachio

Skill      XL: |  1  2  3  4 |
---------------+-------------+-----
Long Blades    | 3 5 |  5.8
Dodging        | 2 4 |  4.2
Stealth        | 4 |  4.4
Throwing       | 3 |  3.6
Fighting       | 5 |  5.5
Short Blades   | 3 |  3.5
Armour         | 4 |  4.0
Shields        | 3 |  3.4
Evocations     | |  0.4

Action                   |  1- 3 |  4- 6 |  7- 9 || total
-------------------------+-------+-------+-------++-------
Melee: Falchion          |    47 |    83 |    22 ||   152
       Punch             |     1 |     2 |     1 ||     4
Throw: Stone             |       |    22 |     4 ||    26
Evoke: Wand              |       |       |     1 ||     1
  Use: Scroll            |     1 |       |       ||     1
       Potion            |       |     1 |       ||     1
 Stab: Sleeping          |     4 |     9 |     1 ||    14
Armor: Animal skin       |    10 |    14 |     6 ||    30
Dodge: Dodged            |    36 |    51 |    22 ||   109
